 Dungeon Crawl Stone Soup version 0.21-a0-632-g1e37ce5 (webtiles) character file.

3584 TheGoonsmith the Chiller (level 9, -1/65 HPs)
             Began as a Demonspawn Ice Elementalist on Dec 27, 2017.
             Was a Priest of Sif Muna.
             Slain by an orc warrior
             ... wielding a +0 spear
              (18 damage)
             ... in a bailey.
             The game lasted 00:21:59 (8915 turns).

TheGoonsmith the Chiller (DsIE)                     Turns: 8915, Time: 00:21:59

Health: -1/65      AC:  8    Str: 18    XL:     9   Next: 85%
Magic:  0/16       EV: 15    Int: 18    God:    Sif Muna [***...]
Gold:   139        SH:  0    Dex: 19    Spells: 6/18 levels left

rFire    . . .     SeeInvis .   z - +6 mace of Impatience {drain, Str+4}
rCold    + . .     Gourm    .   (no shield)
rNeg     . . .     Faith    .   O - +0 leather armour "Fots" {rPois rC+ Str+5}
rPois    +         Spirit   +   (helmet restricted)
rElec    .         Reflect  .   T - +1 cloak
rCorr    .         Harm     .   (gloves unavailable)
MR       .....                  (no boots)
Stlth    ++........             x - amulet of guardian spirit
HPRegen  0.20/turn              i - +3 ring of protection
MPRegen  0.15/turn              S - +4 ring of dexterity

@: very slightly contaminated, no casting
A: claws 3, hooves 1, horns 1, demonic guardian 1, spiny 1
a: Stop Divine Energy, Channel Magic, Renounce Religion


You were in a bailey.
You worshipped Sif Muna.
Sif Muna was most pleased with you.
You were near starving.

You visited 1 branch of the dungeon, and saw 8 of its levels.
You also visited: Sewer and Bailey.

You collected 360 gold pieces.
You spent 221 gold pieces at shops.

Inventory:

Hand Weapons
 e - a +0 whip
 n - a +3 whip of electrocution
 z - the +6 mace of Impatience (weapon) {drain, Str+4}
   (You found it on level 5 of the Dungeon)

   A truly terrible weapon, it drains the life of those it strikes.
   It affects your strength (+4).
Armour
 a - a +0 robe
 p - a scarf of repulsion
 M - a +0 robe
 O - the +0 leather armour "Fots" (worn) {rPois rC+ Str+5}
   (You bought it in a shop on level 7 of the Dungeon)

   It affects your strength (+5).
   It protects you from cold.
   It protects you from poison.
 T - a +1 cloak (worn)
Jewellery
 i - a +3 ring of protection (left claw)
 j - an uncursed ring of protection from magic
 l - an uncursed ring of resist corrosion
 x - an amulet of guardian spirit (around neck)
 F - a +4 ring of intelligence
 H - an uncursed ring of ice
 S - a +4 ring of dexterity (right claw)
Wands
 E - a wand of random effects (45)
 G - a wand of scattershot (10)
Scrolls
 f - 3 scrolls of teleportation
 w - a scroll of amnesia
 Q - a scroll of enchant weapon
Potions
 d - 4 potions of heal wounds
 g - 2 potions of magic
 h - 4 potions of flight
 k - a potion of brilliance {unknown}
 q - a potion of cancellation {unknown}
 r - 2 potions of degeneration {unknown}
 s - a potion of lignification
 A - a potion of resistance {unknown}
 B - a potion of haste {unknown}
 D - a potion of mutation {unknown}
 I - a potion of might {unknown}
 K - a potion of curing {unknown}
 P - a potion of invisibility {unknown}
Books
 b - a book of Frost

   Spells                             Type                      Level
   a - Freeze                         Ice                          1
   b - Throw Frost                    Conjuration/Ice              2
   c - Ozocubu's Armour               Charms/Ice                   3
   d - Throw Icicle                   Conjuration/Ice              4
   e - Summon Ice Beast               Ice/Summoning                4
 t - a book of Changes

   Spells                             Type                      Level
   a - Beastly Appendage              Transmutation                1
   b - Sticks to Snakes               Transmutation                2
   c - Spider Form                    Transmutation/Poison         3
   d - Ice Form                       Ice/Transmutation            4
   e - Blade Hands                    Transmutation                5
 u - a book of Maledictions

   Spells                             Type                      Level
   a - Corona                         Hexes                        1
   b - Ensorcelled Hibernation        Hexes/Ice                    2
   c - Confuse                        Hexes                        3
   d - Tukima's Dance                 Hexes                        3
   e - Dazzling Spray                 Conjuration/Hexes            3
 L - a book of Minor Magic

   Spells                             Type                      Level
   a - Magic Dart                     Conjuration                  1
   b - Blink                          Translocation                2
   c - Call Imp                       Summoning                    2
   d - Slow                           Hexes                        2
   e - Conjure Flame                  Conjuration/Fire             3
   f - Mephitic Cloud                 Conjuration/Poison/Air       3
 N - a book of Geomancy

   Spells                             Type                      Level
   a - Sandblast                      Earth                        1
   b - Passwall                       Transmutation/Earth          2
   c - Stone Arrow                    Conjuration/Earth            3
   d - Petrify                        Transmutation/Earth          4
   e - Lee's Rapid Deconstruction     Earth                        5
Comestibles
 c - 14 rations
 m - a chunk of flesh


   Skills:
 - Level 4.0 Fighting
 - Level 5.2 Dodging
 - Level 1.7 Stealth
 - Level 6.0 Unarmed Combat
 + Level 5.0 Spellcasting
 - Level 1.0 Conjurations
 - Level 2.0 Charms
 - Level 4.2 Summonings
 - Level 3.0 Translocations
 - Level 6.4 Ice Magic


You had 6 spell levels left.
You knew the following spells:

 Your Spells              Type           Power        Failure   Level  Hunger
a - Freeze                Ice            ####         1%          1    None
b - Throw Frost           Conj/Ice       ###...       4%          2    #......
c - Ozocubu's Armour      Chrm/Ice       ###.....     9%          3    ##.....
d - Blink                 Tloc           N/A          7%          2    #......
z - Summon Ice Beast      Ice/Summ       ###.....     17%         4    ####...


Dungeon Overview and Level Annotations

Branches:
Dungeon (8/15)             Temple (0/1) D:4
   Lair: D:8-11

Altars:
Ashenzari
Dithmenos
Fedhas
Makhleb
Sif Muna
Uskayaw
Vehumet
Wu Jian
Xom
Zin

Shops:
D:7 *


Innate Abilities, Weirdness & Mutations

You have claws for hands.
You have large cloven feet.
You have a pair of small horns on your head.
A weak demonic guardian rushes to your aid.
You are partially covered in sharp spines.


Message History

The orc warrior hits your ice beast with a glaive!!
Your ice beast hits the orc warrior.
Your ice beast freezes the orc warrior.
The orc warrior closely misses your ice beast.
Your ice beast closely misses the orc warrior.
The orc warrior hits your ice beast with a spear!
Your ice beast dies!
You regain access to your magic.
There is a gate leading back out of this place here.
Casting: Summon Ice Beast
Confirm with . or Enter, or press ? or * to list all spells.
A chill wind blows around you.
You are near starving!
Sif Muna grants you divine energy.
You briefly lose access to your magic!
The orc warrior closely misses your ice beast.
Your ice beast barely misses the orc warrior.
The orc warrior hits your ice beast with a glaive!!
Your ice beast barely misses the orc warrior.
The orc warrior hits you from afar with a spear!!
You die...

############ #
##....o.o.@.##
.######.....)).....#
o#.$$.#...oo)oY...5#
)'....'o..oo)o....∩#
o#.$$.#.....)).....#
.######............#
# ##........∩.##
############


You could see 3 orc warriors, 5 orcs, a friendly ice beast and a friendly shadow
imp.

Vanquished Creatures
  The ghost of mad the Grave Robber, an amateur HONe of Beogh (D:4)
  A hornet zombie (D:5)
  A phantom (D:7)
  An ice beast (D:7)
  2 black bears
  4 orc warriors
  3 centaurs
  3 ogres
  A sky beast (D:5)
  3 bullfrogs
  Blork the orc (D:5)
  2 killer bees (D:8)
  A scorpion (D:7)
  4 wights (D:7)
  A howler monkey (D:5)
  3 crimson imps
  A centaur zombie (D:6)
  A quasit (D:6)
  A hound (D:6)
  A centaur skeleton (D:4)
  4 orc wizards
  2 orc priests
  An iguana (D:5)
  7 worker ants
  A hound zombie (D:6)
  2 hound skeletons
  A howler monkey skeleton (D:6)
  13 adders
  5 gnolls
  A river rat (Sewer)
  An ooze (D:2)
  An adder zombie (D:5)
  An adder skeleton (D:5)
  5 worms
  A dart slug (D:1)
  6 leopard geckos
  24 orcs
  10 giant cockroaches
  5 goblins
  8 hobgoblins
  11 jackals
  4 quokkas
  10 bats
  5 frilled lizards
  3 jackal skeletons
  14 kobolds
  13 rats
  A bush (D:5)
196 creatures vanquished.

Vanquished Creatures (collateral kills)
  Duvessa (D:6)
  2 ice beasts
  An ogre (D:7)
  2 big kobolds
  A bullfrog (D:7)
  A gnoll sergeant (D:6)
  Dowan (D:6)
  A killer bee (D:8)
  2 crimson imps
  An orc priest (D:5)
  Crazy Yiuf (D:7)
  A bullfrog skeleton (D:8)
  An orc wizard (D:7)
  4 gnolls (D:6)
  5 orcs
  2 kobolds (D:7)
27 creatures vanquished.

Vanquished Creatures (others)
  2 bushes (D:5)
2 creatures vanquished.

Grand Total: 225 creatures vanquished

Notes
Turn   | Place    | Note
-------+----------+-------------------------------------------
     0 | D:1      | TheGoonsmith the Demonspawn Ice Elementalist began the quest for the Orb.
     0 | D:1      | Reached XP level 1. HP: 13/13 MP: 3/3
   372 | D:1      | Gained mutation: A weak demonic guardian rushes to your aid. [demonic ancestry]
   372 | D:1      | Reached XP level 2. HP: 4/19 MP: 0/5
  1129 | D:1      | Gained mutation: You are partially covered in sharp spines. [demonic ancestry]
  1129 | D:1      | Reached XP level 3. HP: 24/24 MP: 2/7
  1505 | D:2      | Found a deep blue altar of Sif Muna.
  1509 | D:2      | Became a worshipper of Sif Muna the Loreminder
  1936 | D:2      | Gained mutation: You have sharp fingernails. [demonic ancestry]
  1936 | D:2      | Reached XP level 4. HP: 30/30 MP: 6/8
  2190 | D:2      | Found a shimmering altar of Xom.
  2269 | D:2      | Found a shattered altar of Ashenzari.
  2722 | D:3      | Found a glowing drain.
  2763 | Sewer    | Entered a sewer
  2894 | Sewer    | Noticed a big kobold
  2904 | Sewer    | Killed a big kobold
  2904 | Sewer    | Reached XP level 5. HP: 35/35 MP: 6/10
  2925 | Sewer    | Found a white marble altar of Elyvilon.
  3066 | D:3      | Reached * piety under Sif Muna
  3116 | D:3      | Found a glowing silver altar of Zin.
  3118 | D:3      | Found a shadowy altar of Dithmenos.
  3172 | D:3      | Found a hide-covered altar of Uskayaw.
  3204 | D:3      | Found an ornate altar of the Wu Jian Council.
  3614 | D:3      | Learned a level 2 spell: Throw Frost
  3618 | D:3      | Learned a level 3 spell: Ozocubu's Armour
  3623 | D:3      | Learned a level 4 spell: Summon Ice Beast
  3959 | D:4      | Reached skill level 5 in Ice Magic
  4042 | D:4      | Noticed an ice beast
  4052 | D:4      | Gained mutation: You have large cloven feet. [demonic ancestry]
  4052 | D:4      | Reached XP level 6. HP: 40/41 MP: 5/12
  4056 | D:4      | Killed an ice beast
  4430 | D:4      | Found a staircase to the Ecumenical Temple.
  4544 | D:4      | Noticed mad's ghost (amateur HONe)
  4564 | D:4      | Killed mad's ghost
  4564 | D:4      | Gained mutation: You have a pair of small horns on your head. [demonic ancestry]
  4564 | D:4      | Reached XP level 7. HP: 46/46 MP: 9/13
  4726 | D:5      | Entered Level 5 of the Dungeon
  4754 | D:5      | Reached skill level 1 in Fighting
  5069 | D:5      | Noticed Blork the orc
  5129 | D:5      | Reached ** piety under Sif Muna
  5129 | D:5      | Reached skill level 1 in Summonings
  5197 | D:5      | Killed Blork the orc
  5268 | D:5      | Got a crystal mace
  5344 | D:5      | Gained mutation: You have very sharp fingernails. [demonic ancestry]
  5344 | D:5      | Reached XP level 8. HP: 22/60 MP: 14/14
  6541 | D:6      | Noticed Duvessa
  6544 | D:6      | Noticed Dowan
  6561 | D:6      | Killed Duvessa
  6566 | D:6      | Killed Dowan
  6846 | D:6      | Found a radiant altar of Vehumet.
  6903 | D:6      | Reached skill level 5 in Dodging
  6924 | D:6      | Found a burning altar of Makhleb.
  6941 | D:6      | Reached skill level 1 in Unarmed Combat
  7421 | D:7      | Identified the +6 mace of Impatience {drain, Str+4} (You found it on level 5 of the Dungeon)
  7454 | D:7      | Gained mutation: You have claws for hands. [demonic ancestry]
  7454 | D:7      | Reached XP level 9. HP: 50/65 MP: 5/15
  7543 | D:7      | Learned a level 2 spell: Blink
  7553 | D:7      | Found a blossoming altar of Fedhas.
  7853 | D:7      | Found Hied's Assorted Antiques.
  7861 | D:7      | Bought an encrusted leather armour for 196 gold pieces
  7861 | D:7      | Bought a murky green potion for 25 gold pieces
  7917 | D:7      | Reached skill level 5 in Unarmed Combat
  7956 | D:7      | Reached *** piety under Sif Muna
  8096 | D:7      | Found a runed door.
  8213 | D:7      | Reached skill level 1 in Charms
  8534 | D:7      | Noticed Crazy Yiuf
  8540 | D:7      | Killed Crazy Yiuf
  8592 | D:7      | Identified the +0 leather armour "Fots" {rPois rC+ Str+5} (You bought it in a shop on level 7 of the Dungeon)
  8664 | D:8      | Reached skill level 5 in Spellcasting
  8665 | D:8      | Reached skill level 1 in Translocations
  8673 | D:8      | Found a flagged portal.
  8707 | Bailey   | Entered a bailey
  8915 | Bailey   | Slain by an orc warrior

Vault maps used:
D:1:      eino_arrival_water_cross
D:2:      led_sif_pool, lemuel_round_altar, first_ration,
          serial_co_window_serial, co_window_paths_a, co_window_paths_b,
          co_window_corner_a, co_window_of_opportunity_a, co_window_paths_b,
          co_window_corner_b, co_window_unsneaky_path_a, co_window_paths_c,
          co_window_4corner_b, glass_columns_a, ashenzari_altar_1
D:3:      nicolae_overflow_crystal_walls, eat_drink_and_be_merry_uskayaw,
          nicolae_overflow_hidden_temple, gup_sewer_entry_bubbles
D:4:      temple_statues, grunt_decor_mini_mirrors
D:5:      minmay_hedge_maze, uniq_blork_the_orc
D:6:      bloody_makhleb, vehumet_crystals, uniq_duvessa
D:7:      fedhas_altar_1, serial_shops, shop, uniq_crazy_yiuf_cottage
D:8:      grunt_temple_overflow_open, david_lair_shrubbed, enter_bailey_2,
          basic_altar
Sewer:    sewer_kobolds
Bailey:   bailey_polearm_5, bailey

Skill      XL: |  1  2  3  4  5  6  7  8  9 |
---------------+----------------------------+-----
Ice Magic      | 3 4 5 6 |  6.4
Spellcasting   | 3 4 5 |  5.0
Fighting       | 4 |  4.0
Summonings     | 3 4 |  4.2
Dodging        | 5 |  5.2
Unarmed Combat | 3 6 |  6.0
Charms         | 2 |  2.0
Translocations | 3 |  3.0
Stealth        | |  1.7
Conjurations   | |  1.0

Action                   |  1- 3 |  4- 6 |  7- 9 || total
-------------------------+-------+-------+-------++-------
Melee: Whip              |    12 |    44 |   141 ||   197
       Kick              |       |     2 |    61 ||    63
       Headbutt          |       |       |    42 ||    42
       Mace              |       |       |    89 ||    89
       Punch             |       |       |     2 ||     2
 Cast: Freeze            |    61 |    58 |       ||   119
       Ozocubu's Armour  |       |     2 |    15 ||    17
       Summon Ice Beast  |       |       |    37 ||    37
Invok: Divine Energy     |       |       |     1 ||     1
Evoke: Wand              |       |       |     1 ||     1
  Use: Scroll            |       |    15 |     7 ||    22
       Potion            |       |     1 |       ||     1
 Stab: Sleeping          |       |     2 |     3 ||     5
       Distracted        |       |     2 |     4 ||     6
  Eat: Chunk             |     3 |     4 |    12 ||    19
       Ration            |       |     2 |     2 ||     4
Armor: Robe              |     9 |    16 |    35 ||    60
       Skin              |       |     7 |       ||     7
       Leather armour    |       |       |    25 ||    25
Dodge: Dodged            |    38 |    43 |   217 ||   298
       Deflected         |       |       |    10 ||    10

Table legend:
 A = Spawn XP
 B = Non-spawn XP
 C = Spawn XP percentage of total XP
 D = Spawn monster count
 E = Non-spawn monster count
 F = Spawn count percentage of total count
 G = Total turns spent on level
                    A         B        C        D         E        F      G
               +---------+---------+-------+---------+---------+-------+---------
         Total |       0 |    5121 |   0.0 |       0 |     222 |   0.0 |  8915
               +---------+---------+-------+---------+---------+-------+---------
           D:1 |       0 |      57 |   0.0 |       0 |      26 |   0.0 |  1479
           D:2 |       0 |      79 |   0.0 |       0 |      27 |   0.0 |  1132
           D:3 |       0 |      73 |   0.0 |       0 |      19 |   0.0 |   846
           D:4 |       0 |     467 |   0.0 |       0 |      15 |   0.0 |  1081
           D:5 |       0 |     894 |   0.0 |       0 |      33 |   0.0 |  1903
           D:6 |       0 |    1009 |   0.0 |       0 |      28 |   0.0 |   768
           D:7 |       0 |    1692 |   0.0 |       0 |      38 |   0.0 |  1228
           D:8 |       0 |     436 |   0.0 |       0 |      11 |   0.0 |    61
         Sewer |       0 |      73 |   0.0 |       0 |      11 |   0.0 |   209
        Bailey |       0 |     341 |   0.0 |       0 |      14 |   0.0 |   208
               +---------+---------+-------+---------+---------+-------+---------
